[Event "Early-Titled-Tuesday-Blitz-February-27-2024"]
[Site "Chess.com"]
[Date "2024.02.27"]
[Round "4"]
[White "Korchmar_Vasiliy"]
[Black "Ati1517"]
[Result "1-0"]
[WhiteElo "2705"]
[BlackElo "2244"]
[TimeControl "180+1"]
[EndTime "8:36:23 PST"]
[Termination "Korchmar_Vasiliy won by resignation"]

1. Nf3 Nf6 2. c4 g6 3. Nc3 Bg7 4. d3 d6 5. g3 O-O 6. Bg2 e5 7.
O-O Nc6 8. Rb1 Be6 9. b4 a6 10. a4 Nd7 11. b5 Nd4 12. Ng5 c6 13. e3 Nxb5 14. axb5 Qxg5 15. bxc6 bxc6 16. Bxc6 Rab8 17. Ba3 Nc5 18. Rxb8 Rxb8 19. d4 exd4 20. exd4 Bxc4 21. dxc5 Bxc3 22. cxd6 Bxf1 23. Qxf1 Bb4 24. Qxa6 Bxa3 25.
Qxa3 Rd8 26. d7 Qf5 27. Qe7 Qa5 28. Bd5 Rf8 29. Bxf7+ Kg7 30. Be8+ Kh6 31. Qxf8+ Kh5 32. Qf3+ Kg5 33. Qf4+ 1-0

[Event "Early-Titled-Tuesday-Blitz-February-27-2024"]
[Site "Chess.com"]
[Date "2024.02.27"]
[Round "4"]
[White "InitiatingASC"]
[Black "lluiss"]
[Result "1-0"]
[WhiteElo "2370"]
[BlackElo "2169"]
[TimeControl "180+1"]
[EndTime "8:36:23 PST"]
[Termination "InitiatingASC won on time"]

1. e4 e6 2. c4 c5 3. d4 cxd4 4.
Qxd4 Nc6 5. Qe3 Qa5+ 6. Bd2 Qc5 7. Qg3 Nf6 8. Nc3 a6 9. O-O-O b5 10. cxb5 axb5 11. Bxb5 Ba6 12. Bxa6 Rxa6 13. Kb1 Qa5 14. Nge2 Nxe4 15. Nxe4 Qxa2+ 16. Kc1 Ba3 17. Qxg7 Qc4+ 18. N4c3 Bxb2+ 19. Kxb2 Ra2+ 20. Nxa2 1-0

[Event "Early-Titled-Tuesday-Blitz-February-27-2024"]
[Site "Chess.com"]
[Date "2024.02.27"]
[Round "4"]
[White "JaloliddinIlkhomi"]
[Black "Grischuk"]
[Result "1/2-1/2"]
[WhiteElo "2767"]
[BlackElo "3040"]
[TimeControl "180+1"]
[EndTime "8:36:24 PST"]
[Termination "Game drawn by agreement"]

1. Nf3 d5 2. d4 Nf6 3. Bf4 Bf5 4. e3 e6 5. Bd3 Bd6 6. Bxf5 exf5 7. Bg3 O-O 8. Nbd2 c6 9. O-O Bxg3 10. hxg3 Nbd7 11. c4 Re8 12. Qb3 Rb8 13. Rac1 g6 14. cxd5 Nxd5 15. Nc4 Re6 16. Rfe1 Kg7 17. Nce5 h5 18. Nxd7 Qxd7 19. Ne5 Qd6 20. Qa3 Qxa3 21. bxa3 Rc8 22. Rb1 Rc7 23. Rec1 g5 24. Nd3 f6 25. Rc5 Rd6 26. Nb4 Ne7 27.
Rbc1 Rcd7 28. a4 Nd5 29. Nxd5 Rxd5 30. a5 1/2-1/2

[Event "Early-Titled-Tuesday-Blitz-February-27-2024"]
[Site "Chess.com"]
[Date "2024.02.27"]
[Round "4"]
[White "DonMicheleCorleone"]
[Black "LuisFSiles"]
[Result "1-0"]
[WhiteElo "2521"]
[BlackElo "2318"]
[TimeControl "180+1"]
[EndTime "8:36:24 PST"]
[Termination "DonMicheleCorleone won by resignation"]

1. e4 c5 2. Nc3 Nc6 3. Nf3 g6 4. Bb5 Nd4 5. Ba4 Bg7 6. O-O a6 7. Nxd4 cxd4 8. Ne2 Nf6 9. d3 b5 10. Bb3 Qb6 11. a4 O-O 12. axb5 Qxb5 13. Nxd4 Qb8 14.
h3 Bb7 15. Bg5 d5 16. exd5 Nxd5 17. Bxd5 Bxd5 18. c3 Qxb2 19. Bxe7 Rfe8 20. Bb4 Bxd4 21.
Rb1 Qa2 22. cxd4 Qa4 23. Qxa4 1-0

[Event "Early-Titled-Tuesday-Blitz-February-27-2024"]
[Site "Chess.com"]
[Date "2024.02.27"]
[Round "4"]
[White "CarlosjPineror"]
[Black "HanSchut"]
[Result "1-0"]
[WhiteElo "2564"]
[BlackElo "2298"]
[TimeControl "180+1"]
[EndTime "8:36:27 PST"]
[Termination "CarlosjPineror won by resignation"]

1. e4 c5 2. Nf3 d6 3. d4 cxd4 4. Nxd4 Nf6 5. Nc3 a6 6. Bg5 e6 7.
f4 Be7 8. Qe2 h6 9. Bh4 Nxe4 10.
Bxe7 Nxc3 11. Qc4 Kxe7 12. Qxc3 Bd7 13. O-O-O Qc8 14. Qg3 g6 15. Qh4+ Ke8 16. Qf6 Rf8 17. Nf3 d5 18. Qg7 h5 19. Ng5 Ke7 20. Bd3 Rg8 21.
Qxf7+ Kd6 22. Bxg6 Nc6 23. Rhe1 Nb4 24. a3 Rxg6 25. Qxg6 Na2+ 26. Kb1 Qc4 27. Nxe6 Bxe6 28. Qxe6+ Kc5 29. Rxd5+ Qxd5 30. Re5 Qxe5 31. Qxe5+ Kb6 32. Kxa2 1-0

[Event "Early-Titled-Tuesday-Blitz-February-27-2024"]
[Site "Chess.com"]
[Date "2024.02.27"]
[Round "4"]
[White "LeninGuerra"]
[Black "Kostukov_Alex"]
[Result "1-0"]
[WhiteElo "2579"]
[BlackElo "2376"]
[TimeControl "180+1"]
[EndTime "8:36:28 PST"]
[Termination "LeninGuerra won on time"]

1. e4 c5 2. Nf3 g6 3. d4 cxd4 4. Nxd4 Bg7 5. Nc3 Nc6 6. Nb3 Nf6 7. Be2 O-O 8. O-O a5 9. a4 Nb4 10. Re1 d5 11. e5 Ne4 12. Bf3 Bxe5 13. Nxd5 Nxd5 14. Bxe4 Nb4 15. Qxd8 Rxd8 16. c3 Nc6 17. Be3 Bd6 18. Bb6 Re8 19. Rad1 Be6 20. Nd4 Bd7 21. Nb5 Be6 22. Nxd6 exd6 23. Rxd6 Bb3 24. f3 Bxa4 25. Ra1 Bb5 26. Rd7 Rab8 27. Bd5 Rf8 28. c4 1-0

[Event "Early-Titled-Tuesday-Blitz-February-27-2024"]
[Site "Chess.com"]
[Date "2024.02.27"]
[Round "4"]
[White "santosalberto1987"]
[Black "eightbyeightchess"]
[Result "1-0"]
[WhiteElo "2561"]
[BlackElo "2400"]
[TimeControl "180+1"]
[EndTime "8:36:28 PST"]
[Termination "santosalberto1987 won by resignation"]

1. e4 c6 2. c4 e6 3. Nc3 d5 4. exd5 exd5 5. d4 Nf6 6. Nf3 Bd6 7. Bd3 O-O 8. O-O Bg4 9. Bg5 dxc4 10. Bxc4 Nbd7 11.
h3 Bh5 12. Bb3 Qa5 13. Bh4 Rfe8 14. Qd3 Bg6 15. Qd2 Qc7 16. Rfe1 Bf4 17. Qd1 Rxe1+ 18. Qxe1 Re8 19. Qf1 b5 20. Re1 Rxe1 21. Qxe1 b4 22. Ne2 Bd6 23. Bg3 Ne4 24. Bxd6 Qxd6 25. Nc1 a5 26.
Nd3 h6 27. Nde5 Nxe5 28. dxe5 Qd3 29. Qc1 Qe2 30. Qc2 Ng3 31. Qxg6 1-0

[Event "Early-Titled-Tuesday-Blitz-February-27-2024"]
[Site "Chess.com"]
[Date "2024.02.27"]
[Round "4"]
[White "KarolKacprzak"]
[Black "ATM622"]
[Result "0-1"]
[WhiteElo "2716"]
[BlackElo "2538"]
[TimeControl "180+1"]
[EndTime "8:36:29 PST"]
[Termination "ATM622 won by resignation"]

1. Nf3 Nf6 2. c4 e6 3. Nc3 d5 4. d4 Be7 5. Bg5 O-O 6. e3 h6 7. Bh4 Ne4 8. Bxe7 Qxe7 9. Bd3 Nxc3 10. bxc3 dxc4 11. Bxc4 b6 12. O-O Bb7 13. Re1 c5 14. e4 cxd4 15. cxd4 Nc6 16. Qd2 Rfd8 17. Rad1 Rac8 18.
Bb5 Na5 19. Ne5 Qd6 20. a4 Nb3 21. Qe3 Nxd4 22. Ng4 e5 23. f4 exf4 24. Qf2 Qc5 25. Rc1 Qxc1 26. Rxc1 Rxc1+ 27. Bf1 Ba6 0-1

[Event "Early-Titled-Tuesday-Blitz-February-27-2024"]
[Site "Chess.com"]
[Date "2024.02.27"]
[Round "4"]
[White "Vesapesa"]
[Black "DumbKing75"]
[Result "0-1"]
[WhiteElo "2240"]
[BlackElo "2648"]
[TimeControl "180+1"]
[EndTime "8:36:29 PST"]
[Termination "DumbKing75 won by resignation"]

1. e4 c5 2. Nf3 a6 3. d4 cxd4 4.
Nxd4 Nf6 5. Nc3 e5 6. Nf3 Bb4 7. Bd3 Bxc3+ 8. bxc3 d6 9. O-O Qc7 10. Bg5 Nbd7 11. Qd2 h6 12. Bh4 Nh5 13. Bg3 O-O 14.
Rfd1 Nc5 15. Qe3 Na4 16. c4 Be6 17. Be2 Nxg3 18. hxg3 Rfd8 19. Rab1 Rab8 20. Qb3 b5 21. Nd2 Nb6 22. Qa3 Nxc4 23. Qxa6 Rb6 24. Qxb6 Nxb6 0-1

[Event "Early-Titled-Tuesday-Blitz-February-27-2024"]
[Site "Chess.com"]
[Date "2024.02.27"]
[Round "4"]
[White "Janosik"]
[Black "nindjaxx8"]
[Result "1-0"]
[WhiteElo "2854"]
[BlackElo "2655"]
[TimeControl "180+1"]
[EndTime "8:36:30 PST"]
[Termination "Janosik won on time"]

1. d4 d5 2. c4 e6 3. Nc3 Nf6 4. cxd5 exd5 5. Bg5 Be7 6. e3 O-O 7. Bd3 h6 8. Bh4 Be6 9. Nge2 Nbd7 10. O-O c5 11.
dxc5 Nxc5 12. Nf4 Rc8 13. Be2 Nce4 14. Nxe4 Nxe4 15. Bxe7 Qxe7 16. Nxd5 Bxd5 17. Qxd5 Rfd8 18. Qb5 a6 19. Qa4 Nc5 20. Qb4 Qf6 21. Rad1 b6 22.
Bf3 a5 23. Qa3 1-0

[Event "Early-Titled-Tuesday-Blitz-February-27-2024"]
[Site "Chess.com"]
[Date "2024.02.27"]
[Round "4"]
[White "Talcrifice"]
[Black "Szparu"]
[Result "0-1"]
[WhiteElo "2554"]
[BlackElo "2767"]
[TimeControl "180+1"]
[EndTime "8:36:30 PST"]
[Termination "Szparu won by resignation"]

1. d4 Nf6 2. c4 c5 3. d5 e6 4. Nc3 exd5 5. cxd5 d6 6. Nf3 g6 7. Nd2 Bg7 8. e4 O-O 9. Be2 Nbd7 10. O-O a6 11. a4 Re8 12. f3 h6 13. Ra3 g5 14.
Nc4 Nf8 15. a5 Ng6 16. g3 Bh3 17. Rf2 Nh7 18. Be3 f5 19. Bd3 f4 20. gxf4 gxf4 21.
Bd2 Bd4 22. Qe2 Qh4 23. Nd1 Ng5 24. Kh1 Qh5 25. Nxd6 Nh4 26. Nxe8 Rxe8 27. Bxf4 Bxf2 28. Qxf2 Bg2+ 29. Qxg2 Nxg2 30. Bxg5 Qxf3 0-1

[Event "Early-Titled-Tuesday-Blitz-February-27-2024"]
[Site "Chess.com"]
[Date "2024.02.27"]
[Round "4"]
[White "chucksterf10"]
[Black "publicaccountcze"]
[Result "1-0"]
[WhiteElo "2550"]
[BlackElo "2238"]
[TimeControl "180+1"]
[EndTime "8:36:30 PST"]
[Termination "chucksterf10 won by resignation"]

1. a3 e5 2. c4 Nf6 3. Nc3 d5 4. cxd5 Nxd5 5. e4 Nxc3 6. bxc3 c5 7. Nf3 Nc6 8. Bb5 Bd6 9. O-O O-O 10. d4 cxd4 11.
cxd4 exd4 12. Bxc6 bxc6 13. Qxd4 Bg4 14. e5 Bxf3 15.
exd6 Bd5 16. Bb2 Qg5 17. g3 f6 18. h4 Qf5 19. Kh2 Rfd8 20. Qc5 Qf3 21. Rg1 Rab8 22. Bd4 Rb7 23. Rae1 Rbd7 24. Re7 Qf5 25. Rge1 h5 26.
f4 Rxe7 27. dxe7 Re8 28. Qc3 Be6 29. Bxa7 Qh3+ 30. Kg1 Bd5 31. Re2 Qh1+ 32. Kf2 Qg2+ 33. Ke1 Qg1+ 34. Bxg1 1-0

[Event "Early-Titled-Tuesday-Blitz-February-27-2024"]
[Site "Chess.com"]
[Date "2024.02.27"]
[Round "4"]
[White "davigator"]
[Black "TERMINATOR_PC"]
[Result "0-1"]
[WhiteElo "2400"]
[BlackElo "2569"]
[TimeControl "180+1"]
[EndTime "8:36:31 PST"]
[Termination "TERMINATOR_PC won by resignation"]

1. e4 e5 2. Nf3 Nc6 3. Bc4 Nf6 4. d3 Bc5 5. c3 a6 6. O-O Ba7 7. a4 d6 8. Bg5 h6 9. Bh4 g5 10. Bg3 Bg4 11. Nbd2 Qd7 12. Qb3 Na5 13. Qa2 Nxc4 14. Qxc4 Be6 15. Qb4 Kd8 16. d4 g4 17. Nh4 c5 18. dxc5 Bxc5 19. Qa5+ b6 20. Qxc5 bxc5 21. Rfd1 Ke7 22. b3 Qc6 23. Re1 Rab8 24. c4 Nh5 25. Nf5+ Bxf5 26. exf5 Nxg3 27. hxg3 Rb7 28. Re3 Rhb8 29.
Rae1 f6 30. f4 gxf3 31. gxf3 d5 32. cxd5 Qxd5 33. Ne4 Rxb3 34. Kf2 Rxe3 35. Rxe3 Rb2+ 36. Re2 Rxe2+ 37. Kxe2 Qc4+ 38. Ke3 Qxa4 39. Nxc5 Qd4+ 0-1

[Event "Early-Titled-Tuesday-Blitz-February-27-2024"]
[Site "Chess.com"]
[Date "2024.02.27"]
[Round "4"]
[White "Kimkibo"]
[Black "GM_Levan_Pantsulaia"]
[Result "0-1"]
[WhiteElo "2169"]
[BlackElo "2937"]
[TimeControl "180+1"]
[EndTime "8:36:32 PST"]
[Termination "GM_Levan_Pantsulaia won on time"]

1. d4 c5 2. d5 g6 3. c4 Bg7 4.
Nc3 d6 5. e4 Bxc3+ 6. bxc3 e5 7. f4 Qf6 8. Qf3 exf4 9. Bxf4 Nd7 10. Bg3 Qe7 11. Qf4 Ne5 12. Nf3 f6 13. Be2 Nf7 14.
O-O h5 15. Bd3 h4 16. Bf2 g5 17. Qd2 Ngh6 18. Bxh4 gxh4 19. Nxh4 Ne5 20. Be2 Kd8 21. Qf4 Nhf7 22. g3 Rh6 23. Rab1 Kc7 24. a4 a5 25. Rb2 Bd7 26. Rfb1 Ra7 27. Rb6 Ng5 28.
Nf5 Nh3+ 0-1

[Event "Early-Titled-Tuesday-Blitz-February-27-2024"]
[Site "Chess.com"]
[Date "2024.02.27"]
[Round "4"]
[White "Bastiandash"]
[Black "Zkid"]
[Result "0-1"]
[WhiteElo "2611"]
[BlackElo "2925"]
[TimeControl "180+1"]
[EndTime "8:36:36 PST"]
[Termination "Zkid won by resignation"]

1. e4 c5 2. Nf3 d6 3. c3 Nf6 4. h3 Nc6 5. Bd3 g6 6. Bc2 Bg7 7. O-O O-O 8. d4 cxd4 9. cxd4 e5 10. d5 Nb4 11. Bb3 a5 12. a3 Na6 13. Nc3 Bd7 14. Qe2 Nc5 15. Bc4 b5 16. Bxb5 Nfxe4 17. Nxe4 Bxb5 18. Qxb5 Nxe4 19. Be3 Qb8 20. Qc4 f5 21. b4 Rc8 22. Qb3 Nc3 23. Kh1 Qb5 24. Rfc1 a4 25. Qb2 Nxd5 26. Qd2 Nxe3 27. Qxe3 d5 28. Nxe5 d4 0-1

[Event "Early-Titled-Tuesday-Blitz-February-27-2024"]
[Site "Chess.com"]
[Date "2024.02.27"]
[Round "4"]
[White "pfalcon1949"]
[Black "Slovineanu"]
[Result "0-1"]
[WhiteElo "1885"]
[BlackElo "2461"]
[TimeControl "180+1"]
[EndTime "8:36:37 PST"]
[Termination "Slovineanu won by resignation"]

1. e4 e6 2. d4 d5 3. Nc3 Nf6 4. e5 Nfd7 5. f4 c5 6. Nf3 Nc6 7. Be3 a6 8. Qd2 b5 9. dxc5 Bxc5 10. Nd4 Nxd4 11. Bxd4 Qb6 12. O-O-O Bxd4 13. Qxd4 Qxd4 14. Rxd4 Nc5 15. h4 Bd7 16. h5 h6 17. g4 Ke7 18.
Bh3 Rab8 19. a3 a5 20. f5 b4 21. axb4 axb4 22. Ne2 Rhc8 23. Kd2 Ne4+ 24. Kc1 Ra8 25. Kb1 Rc5 26. Rxb4 Rca5 27. f6+ Kf8 28. c3 Ra1+ 29. Kc2 Rxh1 30. Bg2 Rh2 31. Bxe4 Rxe2+ 0-1

[Event "Early-Titled-Tuesday-Blitz-February-27-2024"]
[Site "Chess.com"]
[Date "2024.02.27"]
[Round "4"]
[White "MKlose11"]
[Black "LileKoridze"]
[Result "1-0"]
[WhiteElo "2598"]
[BlackElo "2417"]
[TimeControl "180+1"]
[EndTime "8:36:38 PST"]
[Termination "MKlose11 won by resignation"]

1. e4 c5 2. Nc3 d6 3. g3 Nf6 4. d3 g6 5. Bg2 Bg7 6. Nge2 O-O 7.
O-O Nc6 8. h3 e6 9. Be3 Qe7 10.
Qd2 Rd8 11. Bh6 Bxh6 12. Qxh6 Ne8 13. f4 Ng7 14. f5 exf5 15. Nd5 Qe5 16. Rae1 Be6 17.
Nef4 Ne8 18. exf5 Qd4+ 19. Kh2 Bxf5 20. Ne7+ Nxe7 21. Rxe7 Qg7 22. Qxg7+ Kxg7 23. Rxb7 Rab8 24. g4 Rxb7 25. Bxb7 Rb8 26. Bd5 Rxb2 27. gxf5 Rxc2+ 28. Kg3 Nf6 29. Bb3 Rd2 30. fxg6 hxg6 31. Rf2 Rxf2 32. Kxf2 Nd7 33. Ke3 Ne5 34. Nd5 f5 35. Ne7 Kf6 36. Nc8 Nc6 37. Nxd6 g5 38. Nb7 f4+ 39. Kd2 Nd4 40. Nxc5 Nf3+ 41. Kd1 Ng1 42. Be6 Nf3 43.
Bg4 Nd4 44. Ne4+ 1-0

[Event "Early-Titled-Tuesday-Blitz-February-27-2024"]
[Site "Chess.com"]
[Date "2024.02.27"]
[Round "4"]
[White "Alexander_Donchenko"]
[Black "ketster"]
[Result "1-0"]
[WhiteElo "2898"]
[BlackElo "2607"]
[TimeControl "180+1"]
[EndTime "8:36:39 PST"]
[Termination "Alexander_Donchenko won by resignation"]

1. e4 c5 2. Nf3 Nf6 3. Nc3 d5 4. exd5 Nxd5 5. Bc4 Nxc3 6. bxc3 e6 7. O-O Be7 8. d4 O-O 9. Re1 Qc7 10. d5 Rd8 11.
Qe2 exd5 12. Bf4 Qxf4 13. Qxe7 Rf8 14. Bxd5 Nc6 15. Qxc5 Bf5 16. g3 Qg4 17. Bxc6 bxc6 18. Ne5 Qh3 19. Nxc6 Bxc2 20. Re2 Bd3 21. Re3 Ba6 22.
Rae1 h6 23. Ne7+ Kh8 24. Nf5 Bb7 25. f3 Rac8 26. Qe5 f6 27. Qe6 Rce8 28. Qd7 1-0

[Event "Early-Titled-Tuesday-Blitz-February-27-2024"]
[Site "Chess.com"]
[Date "2024.02.27"]
[Round "4"]
[White "amanjazu"]
[Black "Akylbek2021"]
[Result "1-0"]
[WhiteElo "2513"]
[BlackElo "2284"]
[TimeControl "180+1"]
[EndTime "8:36:40 PST"]
[Termination "amanjazu won by resignation"]

1. g3 Nf6 2. Bg2 g6 3. f4 Bg7 4. Nf3 d5 5. O-O O-O 6. d3 c5 7. Nc3 Nc6 8. e4 dxe4 9. dxe4 Qxd1 10. Rxd1 Bg4 11. e5 Nd7 12. Be3 Rfd8 13. h3 Bf5 14.
Ne1 h5 15. Ne4 Rac8 16. Nxc5 Nxc5 17. Bxc5 Rxd1 18. Rxd1 Nxe5 19. Bxe7 Nc4 20. Bxb7 Nxb2 21. Bxc8 Nxd1 22. Bxf5 gxf5 23. Kf1 Ne3+ 24. Ke2 Nc4 25. Bc5 a6 26. Nf3 Nb2 27. Bd4 Na4 28. Kd3 Bxd4 29.
Nxd4 Nc5+ 30. Kc4 Ne4 31. Nxf5 1-0

[Event "Early-Titled-Tuesday-Blitz-February-27-2024"]
[Site "Chess.com"]
[Date "2024.02.27"]
[Round "4"]
[White "Lukianoo"]
[Black "Kunalm64"]
[Result "1-0"]
[WhiteElo "2839"]
[BlackElo "2574"]
[TimeControl "180+1"]
[EndTime "8:36:41 PST"]
[Termination "Lukianoo won by resignation"]

1. e4 c6 2. d4 d5 3. e5 Bf5 4. h4 h5 5. Bd3 Bxd3 6. Qxd3 Qa5+ 7. Nd2 e6 8. Ne2 Ne7 9. O-O Nf5 10. Nf3 Be7 11.
Bg5 Qa6 12. Qd2 Nd7 13. Ng3 g6 14. Nxf5 gxf5 15. Bxe7 Kxe7 16. b3 Rag8 17. Ng5 Qb6 18. c4 a5 19. cxd5 cxd5 20. Rac1 Nb8 21. Rc5 Nc6 22.
Rfc1 Ra8 23. Nf3 Rhg8 24. Ng5 Qb4 25. Qd1 Rg6 26. Rxc6 bxc6 27. Rxc6 Rxg5 28. hxg5 Qb7 29. Qc1 Kd7 30. Rd6+ Ke8 31. g6 Rc8 32. Qh6 Rc1+ 33. Kh2 Qe7 34. Qh8+ 1-0

[Event "Early-Titled-Tuesday-Blitz-February-27-2024"]
[Site "Chess.com"]
[Date "2024.02.27"]
[Round "4"]
[White "KanalSzachowy"]
[Black "IsaqueGoncalvesSanto"]
[Result "1-0"]
[WhiteElo "2457"]
[BlackElo "1760"]
[TimeControl "180+1"]
[EndTime "8:36:41 PST"]
[Termination "KanalSzachowy won by resignation"]

1. e4 e6 2. d4 d5 3. Nc3 Bb4 4. e5 Qd7 5. a3 Bxc3+ 6. bxc3 b6 7. Bd3 Ba6 8. Nf3 Ne7 9. O-O Bxd3 10. Qxd3 c5 11. a4 Nbc6 12. Ba3 cxd4 13. cxd4 Na5 14. Nd2 Rc8 15. Rfc1 Nc4 16. Nxc4 Rxc4 17. a5 b5 18. Bc5 a6 19. Rab1 O-O 20. Qa3 Re8 21. Rb4 Nc6 22. Rxc4 dxc4 23. c3 Qd8 24. Re1 Qxa5 25. Qxa5 Nxa5 26.
Ra1 Nb3 27. Rxa6 Nxc5 28. dxc5 h6 29. Rb6 Rd8 30. f4 Rd3 31. Kf2 Rxc3 32. c6 1-0

[Event "Early-Titled-Tuesday-Blitz-February-27-2024"]
[Site "Chess.com"]
[Date "2024.02.27"]
[Round "4"]
[White "AlexandraSamaganova"]
[Black "abelmat"]
[Result "1-0"]
[WhiteElo "2290"]
[BlackElo "2073"]
[TimeControl "180+1"]
[EndTime "8:36:42 PST"]
[Termination "AlexandraSamaganova won on time"]

1. c4 Nf6 2. Nc3 e6 3. e4 d5 4. e5 Nfd7 5. d4 c6 6. Nf3 Be7 7. Bd3 dxc4 8. Bxc4 b5 9. Bd3 b4 10. Ne4 Bb7 11. O-O c5 12. dxc5 Nxc5 13. Bb5+ Bc6 14.
Bxc6+ Nxc6 15. Nd6+ Bxd6 16. exd6 O-O 17. Be3 Ne4 18. Qc2 Nxd6 19. Qxc6 Rc8 20. Qa4 Nf5 21. Qxa7 Ra8 22. Qb6 Qf6 23. Qxb4 Nxe3 24. fxe3 Rab8 25.
Qf4 Qxb2 26. a4 Rb4 27. Qe5 Qe2 28. Nd4 Qc4 29. a5 1-0

[Event "Early-Titled-Tuesday-Blitz-February-27-2024"]
[Site "Chess.com"]
[Date "2024.02.27"]
[Round "4"]
[White "losersgame"]
[Black "Nbk90"]
[Result "1-0"]
[WhiteElo "2520"]
[BlackElo "2311"]
[TimeControl "180+1"]
[EndTime "8:36:43 PST"]
[Termination "losersgame won by resignation"]

1. d4 Nf6 2. c4 g6 3. Nc3 Bg7 4. e4 d6 5. f3 O-O 6. Be3 e5 7.
d5 Nh5 8. Qd2 f5 9. exf5 gxf5 10. g3 Nd7 11. O-O-O a5 12. Bd3 Nc5 13. Bc2 Qf6 14.
Nge2 b6 15. Rhg1 f4 16. Bxc5 bxc5 17. g4 Ba6 18. Ne4 Qh4 19. gxh5 Bxc4 20. Rg4 Qxh2 21.
Rdg1 Kh8 22. Rxg7 Rg8 23. Rxg8+ Rxg8 24. Rxg8+ Kxg8 25. N2c3 Qh1+ 26. Qd1 1-0

[Event "Early-Titled-Tuesday-Blitz-February-27-2024"]
[Site "Chess.com"]
[Date "2024.02.27"]
[Round "4"]
[White "dosto07"]
[Black "hamelekh"]
[Result "1-0"]
[WhiteElo "2493"]
[BlackElo "2697"]
[TimeControl "180+1"]
[EndTime "8:36:45 PST"]
[Termination "dosto07 won by resignation"]

1. e4 c5 2. Nf3 d6 3. Bb5+ Nd7 4. d4 cxd4 5. Qxd4 e5 6. Qd3 Nf6 7.
Bg5 a6 8. Bxd7+ Bxd7 9. Nc3 Rc8 10. O-O-O Be6 11. Kb1 Rc5 12. Nd2 Be7 13. Bxf6 Bxf6 14.
Nf1 Be7 15. Ne3 O-O 16. Ncd5 Bg5 17. g3 Bxe3 18. Nxe3 Rc6 19. Rd2 Qa5 20. a3 Rd8 21. Rhd1 g6 22. Nd5 Bxd5 23. Qxd5 Qxd5 24. Rxd5 f6 25.
f4 exf4 26. gxf4 Kf7 27. e5 fxe5 28. fxe5 Ke6 29. c3 b5 30. Kc2 Rd7 31. Kb3 Ke7 32.
Kb4 Rc4+ 33. Kb3 Rc6 34. Kb4 Rc4+ 35. Ka5 Rb7 36. exd6+ Kd7 37. R5d4 Rc6 38. Rf1 Ke6 39. d7 1-0

[Event "Early-Titled-Tuesday-Blitz-February-27-2024"]
[Site "Chess.com"]
[Date "2024.02.27"]
[Round "4"]
[White "ExchangeAB"]
[Black "Zampronha1971"]
[Result "1-0"]
[WhiteElo "2526"]
[BlackElo "2344"]
[TimeControl "180+1"]
[EndTime "8:36:45 PST"]
[Termination "ExchangeAB won by resignation"]

1. d4 Nf6 2. Nf3 e6 3. c3 b6 4. Bf4 Bb7 5. e3 c5 6. h3 Be7 7.
Be2 O-O 8. O-O d5 9. Nbd2 Nc6 10. Ne5 Nxe5 11. Bxe5 Bd6 12. f4 Ne4 13. Nxe4 dxe4 14. Bxd6 Qxd6 15. dxc5 Qxc5 16. Qd4 Qxd4 17. cxd4 Rac8 18.
Rfc1 Rfd8 19. Kf2 Kf8 20. Ke1 Ke7 21. Kd2 Kd7 22. Bb5+ Kd6 23. Rc3 Bd5 24. Rac1 Rxc3 25. bxc3 Rc8 26. Ba6 Rc7 27. c4 Bb7 28. Bxb7 Rxb7 29.
Rb1 Kc6 30. Rb5 f5 31. g4 g6 32. g5 h6 33. Re5 Kd6 34. c5+ bxc5 35. dxc5+ Ke7 36.
gxh6 Rb2+ 37. Kc3 Rh2 38. c6 Rxh3 39. c7 Rxe3+ 40. Kc4 Kd7 41. Rxe6 Rh3 42. Rxg6 Kxc7 43. Rg7+ Kd6 44. h7 Ke6 45. Rxa7 Kf6 46. a4 e3 47. Kd3 Ke6 48. a5 Kd6 49. a6 Kc6 50. Rg7 Kb6 51. a7 1-0

[Event "Early-Titled-Tuesday-Blitz-February-27-2024"]
[Site "Chess.com"]
[Date "2024.02.27"]
[Round "4"]
[White "chess94cu"]
[Black "koncheto"]
[Result "1-0"]
[WhiteElo "2692"]
[BlackElo "2453"]
[TimeControl "180+1"]
[EndTime "8:36:49 PST"]
[Termination "chess94cu won by resignation"]

1. Nf3 Nf6 2. c4 e6 3. Nc3 d5 4. e3 b6 5. b3 Bb7 6. Bb2 Be7 7. Be2 c5 8. cxd5 Nxd5 9. O-O Bf6 10. d4 cxd4 11.
Nxd4 O-O 12. Rc1 Nc6 13. Nxd5 Bxd4 14. Nc3 Bf6 15. Bf3 Rc8 16. Qe2 Qe7 17. Nb5 Bxb2 18.
Qxb2 Ba6 19. a4 Nb4 20. Rfd1 Rxc1 21. Qxc1 Rc8 22. Qd2 h6 23. Nxa7 Rc2 24. Qd8+ Qxd8 25. Rxd8+ Kh7 26. Be4+ 1-0

[Event "Early-Titled-Tuesday-Blitz-February-27-2024"]
[Site "Chess.com"]
[Date "2024.02.27"]
[Round "4"]
[White "shirovin"]
[Black "Doublekk14"]
[Result "0-1"]
[WhiteElo "2073"]
[BlackElo "2288"]
[TimeControl "180+1"]
[EndTime "8:36:49 PST"]
[Termination "Doublekk14 won by resignation"]

1. e4 c5 2. Nf3 e6 3. d4 cxd4 4. Nxd4 Nf6 5. Nc3 Nc6 6. Ndb5 Bc5 7. Nd6+ Ke7 8. Nxc8+ Rxc8 9. Bd3 d5 10. exd5 exd5 11.
O-O Re8 12. Bg5 Kf8 13. Re1 Rxe1+ 14. Qxe1 Kg8 15. h3 Bb4 16. a3 Ba5 17. Qe2 Bxc3 18. bxc3 h6 19. Bh4 Qd6 20. Qf3 Ne5 21. Qf5 Re8 22.
Bxf6 Qxf6 23. Qh7+ Kf8 24. Rb1 b6 25. Rd1 Ng6 26. Bxg6 fxg6 27. Rxd5 Re1+ 28. Kh2 Qf4+ 0-1

[Event "Early-Titled-Tuesday-Blitz-February-27-2024"]
[Site "Chess.com"]
[Date "2024.02.27"]
[Round "4"]
[White "Gabrielian_Artur"]
[Black "Shield12"]
[Result "1-0"]
[WhiteElo "2794"]
[BlackElo "2970"]
[TimeControl "180+1"]
[EndTime "8:36:51 PST"]
[Termination "Gabrielian_Artur won by checkmate"]

1. e4 c5 2. Nf3 e6 3. Nc3 Nc6 4. h3 a6 5. d4 cxd4 6. Nxd4 Qc7 7. Nxc6 Qxc6 8. Bd3 b5 9. O-O Bb7 10. Re1 Nf6 11. Bg5 Be7 12. Qf3 b4 13. Nb1 h6 14. Bh4 O-O 15. Nd2 d6 16. Nc4 Qc7 17. Rad1 Rac8 18. b3 d5 19. exd5 Bxd5 20. Qe2 Qb7 21.
Ne3 Ra8 22. Nxd5 Nxd5 23. Qe4 g6 24. Bxe7 Qxe7 25. Qxd5 Rfc8 26. Qe4 a5 27. h4 h5 28. Qf4 a4 29. Re4 axb3 30. axb3 Rab8 31. Rde1 Kg7 32. Bc4 Rb6 33. Qe5+ Kg8 34. Qg5 Qxg5 35. hxg5 Rd8 36. Bd3 Rd5 37. f4 Kg7 38. g3 Ra5 39. Kg2 Rd5 40. Rc4 Rd7 41. Ree4 Rdb7 42. Rc8 Ra7 43. Rd4 Ra1 44. Rdd8 Rd1 45. Rg8+ Kh7 46. Rh8+ Kg7 47.
Rcg8# 1-0

[Event "Early-Titled-Tuesday-Blitz-February-27-2024"]
[Site "Chess.com"]
[Date "2024.02.27"]
[Round "4"]
[White "SashaKuzhilniy"]
[Black "Beca95"]
[Result "0-1"]
[WhiteElo "2607"]
[BlackElo "2902"]
[TimeControl "180+1"]
[EndTime "8:36:54 PST"]
[Termination "Beca95 won by resignation"]

1. d4 Nf6 2. Nc3 d6 3. e4 e5 4. Nf3 Nbd7 5. Bc4 Be7 6. a4 h6 7. O-O c6 8. h3 Qc7 9. Re1 g5 10. a5 Nf8 11. Nh2 Ng6 12. Nf1 g4 13. hxg4 Bxg4 14.
f3 Be6 15. d5 Bd7 16. a6 c5 17. Bb5 Rg8 18. Qe2 bxa6 19. Bxd7+ Qxd7 20. Rxa6 Kf8 21. Qb5 Nh4 22. Qxd7 Nxd7 23. Nh2 Rxg2+ 24. Kh1 Rxh2+ 25.
Kxh2 Nxf3+ 26. Kg3 Nxe1 27. Bxh6+ Ke8 28. Nb5 Kd8 29.
c3 Nd3 30. b3 Nb6 31. Nxa7 Kc7 32. Nb5+ Kb7 33. Rxa8 Nxa8 34. Kf3 Nc7 35. Na3 Bf6 36. Nc4 Nb5 37. Bd2 Nf4 38. Ne3 Ng6 39. Nf5 Nh4+ 40. Nxh4 Bxh4 41. Kg4 Bd8 42. Kf3 Ba5 43.
b4 cxb4 44. cxb4 Bb6 45. Kg4 Kc7 46. Kf5 Kd7 0-1